| TOP OF THE 1ST |
|
Arizona State University Sun Devils batting - Pitching for California State University at Fullerton Titans : LHP Antonio Velazquez
|
|
Pitching: LHP Antonio Velazquez
|
|
|
Batting: LHB Josh Corkery
|
0-0: Called Strike 0-1: Ground out U3 (Groundball, 34S, EV 85.6 MPH)
|
|
Batting: RHB Akichika Yamano
|
0-0: Fly out, F8 (Flyball, 89M, EV 85.6 MPH)
|
|
Batting: RHB Mike Hughes
|
0-0: Foul Ball, location: 2F 0-1: Swinging Strike 0-2: Ball 1-2: Ground out 5-3 (Groundball, 56, EV 102.5 MPH)
|
| Top of the 1st over - 0 runs, 0 hits, 0 errors, 0 left on base; Arizona State University 0 - California State University at Fullerton 0 |
| BOTTOM OF THE 1ST |
|
California State University at Fullerton Titans batting - Pitching for Arizona State University Sun Devils : LHP Manny Muniz
|
|
Pitching: LHP Manny Muniz
|
|
|
Batting: RHB Nate Dabney
|
0-0: Foul Ball, location: 2F 0-1: Ball 1-1: Ball 2-1: DOUBLE (Flyball, 89D, EV 111.2 MPH)
|
|
Batting: RHB Manny Olave
|
0-0: Ground out 4-3 (Groundball, 4, EV 98.8 MPH) Nate Dabney to third
|
|
Batting: RHB Wan-ling Zhu
|
0-0: Called Strike 0-1: Ground out 6-3 (Groundball, 56, EV 105.0 MPH) Nate Dabney scores
|
|
Batting: RHB Mike Hill
|
0-0: Called Strike 0-1: Ball 1-1: Foul Ball, location: 2F 1-2: Ball 2-2: Ground out 6-3 (Groundball, 6D, EV 98.8 MPH)
|
| Bottom of the 1st over - 1 run, 1 hit, 0 errors, 0 left on base; Arizona State University 0 - California State University at Fullerton 1 |
| TOP OF THE 2ND |
|
Arizona State University Sun Devils batting - Pitching for California State University at Fullerton Titans : LHP Antonio Velazquez
|
|
Batting: LHB Travis Hahn
|
0-0: Ground out 6-3 (Groundball, 56, EV 86.9 MPH)
|
|
Batting: RHB Jaylen North
|
0-0: Foul Ball, location: 2F 0-1: Foul Ball, location: 2F 0-2: Ball 1-2: Ball 2-2: Ball 3-2: Foul Ball, location: 2F 3-2: DOUBLE (Line Drive, 8RXD, EV 102.5 MPH)
|
|
Batting: LHB Pedro Garza
|
0-0: Called Strike 0-1: Foul Ball, location: 2F 0-2: Ground out 1-3 (Groundball, 13S, EV 60.0 MPH) Jaylen North to third
|
|
Batting: RHB Wil Ochoa
|
0-0: Foul Ball, location: 2F 0-1: Fly out, F8 (Flyball, 8LS, EV 94.4 MPH)
|
| Top of the 2nd over - 0 runs, 1 hit, 0 errors, 1 left on base; Arizona State University 0 - California State University at Fullerton 1 |
| BOTTOM OF THE 2ND |
|
California State University at Fullerton Titans batting - Pitching for Arizona State University Sun Devils : LHP Manny Muniz
|
|
Batting: RHB Don Burt
|
0-0: Ball 1-0: Called Strike 1-1: Ball 2-1: Called Strike 2-2: Ball 3-2: Foul Ball, location: 2F 3-2: DOUBLE (Line Drive, 9LS, EV 95.0 MPH)
|
|
Batting: RHB Amir Christy
|
0-0: SINGLE (Flyball, 34D, EV 99.4 MPH) Don Burt to third
|
|
Batting: LHB Mike Fielden
|
0-0: Swinging Strike 0-1: DOUBLE (Flyball, 8RD, EV 108.1 MPH) Don Burt scores Amir Christy to third
|
|
Batting: LHB Walt van der Rest
|
0-0: Ball 1-0: Called Strike 1-1: Ball 2-1: SINGLE (Line Drive, 9S, EV 113.1 MPH) Amir Christy scores Mike Fielden to third
|
|
Batting: RHB Raul Gomez
|
0-0: TRIPLE (Line Drive, 8LXD, EV 108.1 MPH) Mike Fielden scores Walt van der Rest scores
|
|
Batting: RHB Nate Dabney
|
0-0: Ball 1-0: Called Strike 1-1: Ball 2-1: Called Strike 2-2: Reached via error on a dropped throw from P, E3 (Groundball, 13S, EV 63.8 MPH) Raul Gomez scores
|
|
Pitching: LHP Jin-song Lim
|
|
|
Batting: RHB Manny Olave
|
0-0: Ball 1-0: DOUBLE (Flyball, 7D, EV 102.5 MPH) Nate Dabney to third
|
|
Batting: RHB Wan-ling Zhu
|
0-0: Ball 1-0: Fly out, F9 (Flyball, 89D, EV 91.2 MPH) Runner from 3rd tags up, OUT at HOME! 9-2 Manny Olave to third
|
|
Batting: RHB Mike Hill
|
0-0: Foul Ball, location: 2F 0-1: Ball 1-1: Swinging Strike 1-2: Ball 2-2: Ball 3-2: Foul Ball, location: 2F 3-2: Fly out, F4 (Popup, 34D, EV 63.1 MPH)
|
| Bottom of the 2nd over - 5 runs, 6 hits, 1 error, 1 left on base; Arizona State University 0 - California State University at Fullerton 6 |
| TOP OF THE 3RD |
|
Arizona State University Sun Devils batting - Pitching for California State University at Fullerton Titans : LHP Antonio Velazquez
|
|
Batting: RHB Charles Mealer
|
0-0: Ball 1-0: Called Strike 1-1: Foul Ball, location: 2F 1-2: Foul Ball, location: 2F 1-2: Foul Ball, location: 2F 1-2: Reached on error, E4 (Groundball, 4S, EV 93.8 MPH)
|
|
Batting: RHB Fernando Lara
|
0-0: Ball 1-0: Called Strike 1-1: Ball 2-1: Ball 3-1: Foul Ball, location: 2F 3-2: Fly out, F8 (Flyball, 89D, EV 90.6 MPH) Runner from 2nd tags up, SAFE at 3rd, no throw by CF
|
|
Batting: LHB Josh Corkery
|
0-0: Called Strike 0-1: Ball 1-1: Ball 2-1: Ground out 1-3 (Groundball, 13S, EV 66.9 MPH)
|
|
Batting: RHB Akichika Yamano
|
0-0: Called Strike 0-1: Fly out, F9 (Line Drive, 9, EV 91.9 MPH)
|
| Top of the 3rd over - 0 runs, 0 hits, 1 error, 1 left on base; Arizona State University 0 - California State University at Fullerton 6 |
| BOTTOM OF THE 3RD |
|
California State University at Fullerton Titans batting - Pitching for Arizona State University Sun Devils : LHP Jin-song Lim
|
|
Batting: RHB Don Burt
|
0-0: Called Strike 0-1: Swinging Strike 0-2: Ball 1-2: Strikes out swinging
|
|
Batting: RHB Amir Christy
|
0-0: Ball 1-0: Ball 2-0: Called Strike 2-1: Foul Ball, location: 2F 2-2: Ball 3-2: Strikes out swinging
|
|
Batting: LHB Mike Fielden
|
0-0: Ball 1-0: Ball 2-0: Ball 3-0: Base on Balls
|
|
Batting: LHB Walt van der Rest
|
0-0: Ball 1-0: Swinging Strike 1-1: Ball 2-1: Hit by Pitch Mike Fielden to second
|
|
Batting: RHB Raul Gomez
|
0-0: Ball Wild Pitch! Mike Fielden to third Walt van der Rest to second 1-0: Called Strike 1-1: Ball 2-1: Called Strike 2-2: Ground out 4-3 (Groundball, 4, EV 86.2 MPH)
|
| Bottom of the 3rd over - 0 runs, 0 hits, 0 errors, 2 left on base; Arizona State University 0 - California State University at Fullerton 6 |
| TOP OF THE 4TH |
|
Arizona State University Sun Devils batting - Pitching for California State University at Fullerton Titans : LHP Antonio Velazquez
|
|
Batting: RHB Mike Hughes
|
0-0: Ball 1-0: Fly out, F6 (Popup, 6S, EV 68.8 MPH)
|
|
Batting: LHB Travis Hahn
|
0-0: Ball 1-0: Called Strike 1-1: SINGLE (Line Drive, 56D, EV 95.6 MPH)
|
|
Batting: RHB Jaylen North
|
0-0: Fly out, F9 (Flyball, 89M, EV 76.9 MPH)
|
|
Batting: LHB Pedro Garza
|
0-0: Called Strike 0-1: Ball 1-1: Called Strike 1-2: Ball 2-2: Foul Ball, location: 2F 2-2: Foul Ball, location: 2F 2-2: Ball 3-2: Base on Balls Travis Hahn to second
|
|
Batting: RHB Wil Ochoa
|
0-0: Called Strike 0-1: Fly out, F5 (Line Drive, 5, EV 58.8 MPH)
|
| Top of the 4th over - 0 runs, 1 hit, 0 errors, 2 left on base; Arizona State University 0 - California State University at Fullerton 6 |
| BOTTOM OF THE 4TH |
|
California State University at Fullerton Titans batting - Pitching for Arizona State University Sun Devils : LHP Jin-song Lim
|
|
Batting: RHB Nate Dabney
|
0-0: Foul Ball, location: 2F 0-1: Ground out 6-3 (Groundball, 6, EV 78.8 MPH)
|
|
Batting: RHB Manny Olave
|
0-0: Ball 1-0: Called Strike 1-1: Ball 2-1: Called Strike 2-2: Ball 3-2: Ground out 6-3 (Groundball, 6, EV 81.9 MPH)
|
|
Batting: RHB Wan-ling Zhu
|
0-0: Foul Ball, location: 2F 0-1: Ball 1-1: Swinging Strike 1-2: Strikes out swinging
|
| Bottom of the 4th over - 0 runs, 0 hits, 0 errors, 0 left on base; Arizona State University 0 - California State University at Fullerton 6 |
| TOP OF THE 5TH |
|
Arizona State University Sun Devils batting - Pitching for California State University at Fullerton Titans : LHP Antonio Velazquez
|
|
Batting: RHB Charles Mealer
|
0-0: Ball 1-0: Swinging Strike 1-1: Ball 2-1: Foul Ball, location: 2F 2-2: Strikes out swinging
|
|
Batting: RHB Fernando Lara
|
0-0: Ball 1-0: Ball 2-0: Called Strike 2-1: DOUBLE (Line Drive, 8LD, EV 112.5 MPH)
|
|
Batting: LHB Josh Corkery
|
0-0: Ball 1-0: Called Strike 1-1: SINGLE (Line Drive, 56D, EV 98.8 MPH) Fernando Lara to third
|
|
Batting: RHB Akichika Yamano
|
0-0: Ball 1-0: Ball 2-0: Called Strike 2-1: Fly out, F8 (Flyball, 8RS, EV 95.6 MPH)
|
|
Batting: RHB Mike Hughes
|
0-0: Ball 1-0: Swinging Strike 1-1: Called Strike 1-2: Strikes out swinging
|
| Top of the 5th over - 0 runs, 2 hits, 0 errors, 2 left on base; Arizona State University 0 - California State University at Fullerton 6 |
| BOTTOM OF THE 5TH |
|
California State University at Fullerton Titans batting - Pitching for Arizona State University Sun Devils : LHP Jin-song Lim
|
|
Batting: RHB Mike Hill
|
0-0: Ball 1-0: Foul Ball, location: 2F 1-1: Ground out 6-3 (Groundball, 6, EV 85.0 MPH)
|
|
Batting: RHB Don Burt
|
0-0: Ball 1-0: Foul Ball, location: 2F 1-1: SINGLE (Groundball, 34D, EV 101.9 MPH)
|
|
Pitching: RHP Yasutaka Yamasaki
|
|
|
Batting: RHB Amir Christy
|
0-0: SINGLE (Groundball, 6MD, EV 106.2 MPH) Don Burt to second
|
|
Batting: LHB Mike Fielden
|
0-0: Called Strike 0-1: Called Strike 0-2: Ball 1-2: Ball 2-2: Strikes out swinging
|
|
Batting: LHB Walt van der Rest
|
0-0: Fly out, F5 (Popup, 15S, EV 85.0 MPH)
|
| Bottom of the 5th over - 0 runs, 2 hits, 0 errors, 2 left on base; Arizona State University 0 - California State University at Fullerton 6 |
| TOP OF THE 6TH |
|
Arizona State University Sun Devils batting - Pitching for California State University at Fullerton Titans : LHP Antonio Velazquez
|
|
Batting: LHB Travis Hahn
|
0-0: Swinging Strike 0-1: Ball 1-1: Called Strike 1-2: Ball 2-2: Ball 3-2: SINGLE (Line Drive, 78S, EV 97.5 MPH)
|
|
Pitching: RHP Jimmy Loudner
|
|
|
Batting: RHB Jaylen North
|
0-0: Ball 1-0: Foul Ball, location: 2F 1-1: Foul Ball, location: 2F 1-2: Ball 2-2: Strikes out swinging
|
|
Batting: LHB Pedro Garza
|
0-0: Ball Travis Hahn steals 2nd base 1-0: Ball 2-0: Foul Ball, location: 2F 2-1: Swinging Strike 2-2: Foul Ball, location: 2F 2-2: Foul Ball, location: 2F 2-2: Hit by Pitch
|
|
Batting: RHB Wil Ochoa
|
0-0: Ball 1-0: Ball 2-0: Called Strike 2-1: Ball 3-1: Base on Balls Travis Hahn to third Pedro Garza to second
|
|
Batting: RHB Charles Mealer
|
0-0: Ball 1-0: Called Strike 1-1: Ball 2-1: Ball 3-1: Foul Ball, location: 2F 3-2: Foul Ball, location: 2F 3-2: Base on Balls Travis Hahn scores Pedro Garza to third Wil Ochoa to second
|
|
Pinch Hitting: RHB John Moore
|
0-0: Ball 1-0: Foul Ball, location: 2F 1-1: Foul Ball, location: 2F 1-2: Strikes out looking
|
|
Pinch Hitting: RHB Tony Escamilla
|
0-0: Ball 1-0: Ball 2-0: Called Strike 2-1: Swinging Strike 2-2: Foul Ball, location: 2F 2-2: Foul Ball, location: 2F 2-2: Ball 3-2: Strikes out swinging
|
| Top of the 6th over - 1 run, 1 hit, 0 errors, 3 left on base; Arizona State University 1 - California State University at Fullerton 6 |
| BOTTOM OF THE 6TH |
|
California State University at Fullerton Titans batting - Pitching for Arizona State University Sun Devils : RHP Yasutaka Yamasaki
|
|
Now at SS: Yuya Hirata
|
|
|
Now in LF: Kazuyoshi Ikeda
|
|
|
Batting: RHB Raul Gomez
|
0-0: Ground out 4-3 (Groundball, 4, EV 80.6 MPH)
|
|
Batting: RHB Nate Dabney
|
0-0: Ball 1-0: DOUBLE (Groundball, 5L, EV 95.0 MPH)
|
|
Batting: RHB Manny Olave
|
0-0: Ball 1-0: Foul Ball, location: 2F 1-1: Swinging Strike 1-2: Strikes out looking
|
|
Batting: RHB Wan-ling Zhu
|
0-0: Foul Ball, location: 2F 0-1: Ground out 3-1 (Groundball, 34, EV 93.1 MPH)
|
| Bottom of the 6th over - 0 runs, 1 hit, 0 errors, 1 left on base; Arizona State University 1 - California State University at Fullerton 6 |
| TOP OF THE 7TH |
|
Arizona State University Sun Devils batting - Pitching for California State University at Fullerton Titans : RHP Jimmy Loudner
|
|
Batting: RHB Akichika Yamano
|
0-0: Foul Ball, location: 2F 0-1: SINGLE (Groundball, 6D, EV 102.5 MPH)
|
|
Batting: RHB Mike Hughes
|
0-0: Swinging Strike 0-1: Called Strike 0-2: Strikes out swinging
|
|
Batting: LHB Travis Hahn
|
0-0: Ball 1-0: Ball 2-0: Ball 3-0: Called Strike 3-1: Foul Ball, location: 2F 3-2: Base on Balls Akichika Yamano to second
|
|
Pitching: RHP Kyle Meade
|
|
|
Batting: RHB Jaylen North
|
0-0: 3-RUN HOME RUN (Flyball, 78XD, EV 103.8 MPH), Distance : 407 ft
|
|
Batting: LHB Pedro Garza
|
0-0: Called Strike 0-1: SINGLE (Groundball, 4MS, EV 65.6 MPH) (infield hit)
|
|
Batting: RHB Wil Ochoa
|
0-0: Foul Ball, location: 2F 0-1: Swinging Strike 0-2: Ball 1-2: Ball 2-2: Ball 3-2: Foul Ball, location: 2F 3-2: Strikes out swinging
|
|
Batting: RHB Charles Mealer
|
0-0: Foul Ball, location: 2F 0-1: Ball 1-1: Called Strike 1-2: Strikes out swinging
|
| Top of the 7th over - 3 runs, 3 hits, 0 errors, 1 left on base; Arizona State University 4 - California State University at Fullerton 6 |
| BOTTOM OF THE 7TH |
|
California State University at Fullerton Titans batting - Pitching for Arizona State University Sun Devils : RHP Yasutaka Yamasaki
|
|
Batting: RHB Mike Hill
|
0-0: Foul Ball, location: 2F 0-1: Foul Ball, location: 2F 0-2: Ball 1-2: Ball 2-2: Ball 3-2: SOLO HOME RUN (Flyball, 7D, EV 96.9 MPH), Distance : 387 ft
|
|
Batting: RHB Don Burt
|
0-0: Called Strike 0-1: Hit by Pitch
|
|
Batting: RHB Amir Christy
|
0-0: Grounds into double play, 5-4-3 (Groundball, 56, EV 83.8 MPH)
|
|
Batting: LHB Mike Fielden
|
0-0: SOLO HOME RUN (Flyball, 89XD, EV 103.1 MPH), Distance : 406 ft
|
|
Batting: LHB Walt van der Rest
|
0-0: Fly out, F7 (Flyball, 7LM, EV 91.9 MPH)
|
| Bottom of the 7th over - 2 runs, 2 hits, 0 errors, 0 left on base; Arizona State University 4 - California State University at Fullerton 8 |
| TOP OF THE 8TH |
|
Arizona State University Sun Devils batting - Pitching for California State University at Fullerton Titans : RHP Kyle Meade
|
|
Batting: LHB Kazuyoshi Ikeda
|
0-0: Ball 1-0: Foul Ball, location: 2F 1-1: Foul Ball, location: 2F 1-2: SINGLE (Line Drive, 7S, EV 101.9 MPH)
|
|
Batting: SHB Yuya Hirata
|
0-0: Ball 1-0: Fielders Choice at 2nd, 4-6 (Groundball, 4, EV 103.1 MPH)
|
|
Batting: RHB Akichika Yamano
|
0-0: Fly out, F5 (Popup, 25, EV 81.9 MPH)
|
|
Batting: RHB Mike Hughes
|
0-0: Ball 1-0: Ball 2-0: SINGLE (Groundball, 56, EV 104.4 MPH) (infield hit) Yuya Hirata to second
|
|
Batting: LHB Travis Hahn
|
0-0: Ball 1-0: Ball 2-0: Called Strike 2-1: Called Strike 2-2: Foul Ball, location: 2F 2-2: Ball 3-2: 3-RUN HOME RUN (Flyball, 89XD, EV 107.5 MPH), Distance : 416 ft
|
|
Pitching: RHP Dave Williams
|
|
|
Pinch Hitting: RHB Jeff Buchanan
|
0-0: Ball 1-0: Ball 2-0: Ball 3-0: Base on Balls
|
|
Batting: LHB Pedro Garza
|
0-0: Ball 1-0: Ball 2-0: Swinging Strike 2-1: Called Strike 2-2: Strikes out swinging
|
| Top of the 8th over - 3 runs, 3 hits, 0 errors, 1 left on base; Arizona State University 7 - California State University at Fullerton 8 |
| BOTTOM OF THE 8TH |
|
California State University at Fullerton Titans batting - Pitching for Arizona State University Sun Devils : RHP Yasutaka Yamasaki
|
|
Pitching: LHP Elias Pena
|
|
|
Now at 1B: Joan Coucieiro
|
|
|
Batting: RHB Raul Gomez
|
0-0: Foul Ball, location: 2F 0-1: Ball 1-1: Ball 2-1: Foul Ball, location: 2F 2-2: Strikes out swinging
|
|
Batting: RHB Nate Dabney
|
0-0: Called Strike 0-1: Ball 1-1: Called Strike 1-2: Ball 2-2: Ball 3-2: SINGLE (Line Drive, 34D, EV 99.4 MPH)
|
|
Batting: RHB Manny Olave
|
0-0: Ball Nate Dabney is caught stealing 2nd base 2-4 1-0: Swinging Strike 1-1: Called Strike 1-2: Ball 2-2: Ball 3-2: Foul Ball, location: 2F 3-2: Ground out 6-3 (Groundball, 6D, EV 85.0 MPH)
|
| Bottom of the 8th over - 0 runs, 1 hit, 0 errors, 0 left on base; Arizona State University 7 - California State University at Fullerton 8 |
| TOP OF THE 9TH |
|
Arizona State University Sun Devils batting - Pitching for California State University at Fullerton Titans : RHP Dave Williams
|
|
Pitching: RHP Josh Long
|
|
|
Batting: RHB Wil Ochoa
|
0-0: Ball 1-0: Foul Ball, location: 2F 1-1: Called Strike 1-2: Ball 2-2: Strikes out swinging
|
|
Batting: RHB Charles Mealer
|
0-0: Called Strike 0-1: Foul Ball, location: 2F 0-2: Ball 1-2: Foul Ball, location: 2F 1-2: Ball 2-2: Strikes out looking
|
|
Batting: LHB Kazuyoshi Ikeda
|
0-0: Ball 1-0: Swinging Strike 1-1: Swinging Strike 1-2: Strikes out swinging, 2-3 out at first.
|
| Top of the 9th over - 0 runs, 0 hits, 0 errors, 0 left on base; Arizona State University 7 - California State University at Fullerton 8 |
|